 Dungeon Crawl Stone Soup version 0.30.1-1-g62c8e00024 (webtiles) character file.

Game seed: 135442723645957501

26941 coffeetime the Spear-Bearer (level 13, -1/116 HPs)
             Began as a Ghoul Monk on July 16, 2023.
             Was a High Priest of Kikubaaqudgha.
             Slain by a five-headed hydra (7 damage)
             ... on level 5 of the Lair of Beasts.
             The game lasted 00:57:46 (15372 turns).

coffeetime the Spear-Bearer (Ghoul Monk)           Turns: 15372, Time: 00:57:48

Health: -1/116     AC: 17    Str: 20    XL:     13   Next: 29%
Magic:  12/12      EV: 10    Int:  5    God:    Kikubaaqudgha [*****.]
Gold:   1019       SH: 17    Dex: 11    Spells: 8/12 levels left

rFire   . . .        v - +1 short sword (flame)
rCold   + . .        N - +2 kite shield
rNeg    + + +        a - +4 ring mail
rPois   ∞            C - +0 helmet
rElec   .            S - scarf {repulsion}
rCorr   .            h - +0 pair of gloves
SInv    .            (no boots)
Will    .....        n - amulet of reflection
Stlth   +            U - +4 ring of protection
HPRegen 0.00/turn    D - +4 ring of slaying
MPRegen 0.13/turn

%: repel missiles, reflection
@: inhibited regen
A: claws 1, cold resistance 1, negative energy resistance 3, inhibited
regeneration, torment resistance 2, devour on kill
a: Renounce Religion, Unearth Wretches, Torment


You were on level 5 of the Lair of Beasts.
You worshipped Kikubaaqudgha.
Kikubaaqudgha was extremely pleased with you.
You visited 4 branches of the dungeon, and saw 16 of its levels.
You also visited: Bailey.

You collected 1019 gold pieces.

Inventory:

Hand Weapons
 k - a +0 sling
 o - the +3 spear "Nesour" {heavy, Fly Int+3 SInv}
   (You found it on level 2 of the Dungeon)

   Int:       It affects your intelligence (+3).
   SInv:      It lets you see invisible.
   Fly:       It grants you flight.
 s - the +4 dagger of Law {venom, Str+2 Int+3 SInv Stlth+}
   (You found it on level 8 of the Dungeon)

   Str:       It affects your strength (+2).
   Int:       It affects your intelligence (+3).
   SInv:      It lets you see invisible.
   Stlth:     It makes you more stealthy.
 v - a +1 short sword of flaming (weapon)
 y - a +2 whip of electrocution
 R - a +4 trident of freezing
Missiles
 m - 2 curare-tipped darts (quivered)
 q - 36 poisoned darts
 X - 7 javelins
Armour
 a - a +4 ring mail (worn)
 d - an orb of light
 f - +0 steam dragon scales
 h - a +0 pair of gloves (worn)
 x - a +2 leather armour of willpower
 C - a +0 helmet (worn)
 N - a +2 kite shield (worn)
 S - a scarf of repulsion (worn)
 T - a +0 buckler
Magical Staves
 Y - a staff of conjuration
Jewellery
 e - a +6 ring of dexterity
 i - the amulet "Zoenaloq" {RegenMP rF+ Str+2}
   (You took it off an orc on level 9 of the Dungeon)

   [amulet of magic regeneration]

   It increases your rate of magic regeneration.
   Str:       It affects your strength (+2).
   rF:        It protects you from fire.
 n - an amulet of reflection (around neck)
 p - the ring "Weraid" {rPois Dex+5}
   (You found it on level 3 of the Lair of Beasts)

   [ring of poison resistance]

   Dex:       It affects your dexterity (+5).
   rPois:     It protects you from poison.
 w - an amulet of the acrobat
 D - a +4 ring of slaying (right hand)
 P - a ring of ice
 U - a +4 ring of protection (left hand)
Wands
 K - a wand of flame (6)
 Z - a wand of digging (4)
Scrolls
 r - 2 scrolls of poison
 t - a scroll of immolation
 u - 2 scrolls of blinking
 E - a scroll of enchant armour
 G - 2 scrolls of magic mapping
 J - 13 scrolls of amnesia
 L - a scroll of fog {unknown}
 O - a scroll of acquirement {unknown}
 W - 2 scrolls of enchant weapon
Potions
 c - 3 potions of ambrosia
 g - 2 potions of degeneration
 l - 5 potions of curing
 z - 2 potions of haste {unknown}
 A - 3 potions of flight
 B - 2 potions of magic
 F - 2 potions of attraction
 H - 2 potions of mutation {unknown}
 I - 2 potions of invisibility {unknown}
 M - 3 potions of brilliance
 Q - a potion of resistance {unknown}
Miscellaneous
 b - a tin of tremorstones (2/2)


   Skills:
 - Level 11.0 Fighting
 - Level 2.7 Maces & Flails
 + Level 11.2 Polearms
 - Level 0.1 Throwing
 - Level 9.1 Armour
 - Level 2.7 Dodging
 - Level 0.5 Stealth
 + Level 8.8 Shields
 - Level 8.2 Necromancy
 - Level 0.7 Evocations


You had 8 spell levels left.
You knew the following spells:

 Your Spells              Type           Power      Damage    Failure   Level
a - Summon Small Mammal   Summ           0%         N/A       86%         1
b - Cigotuvi's Dreadful   Necr/Pois/Air  4%         N/A       63%         2
c - Necrotise             Necr           32%        1d5       5%          1

Your spell library contained the following spells:

 Spells                   Type           Power      Damage    Failure   Level
 Kiss of Death            Conj/Necr      16%        2d6       30%         1
 Animate Dead             Necr           8%         N/A       50%         4
 Dispel Undead            Necr           8%         3d8       50%         4
 Magic Dart               Conj           0%         1d3       86%         1
 Searing Ray              Conj           0%         2d4       94%         2
 Static Discharge         Conj/Air       0%         2-2/arc   94%         2
 Anguish                  Hex/Necr       2%         N/A       97%         4
 Call Canine Familiar     Summ           0%         N/A       99%         3
 Confusing Touch          Hex            0%         N/A       99%         3
 Inner Flame              Hex/Fire       0%         N/A       99%         3
 Stone Arrow              Conj/Erth      0%         3d7       99%         3
 Summon Guardian Golem    Hex/Summ       0%         N/A       99%         3
 Airstrike                Air            0%         2d(0-16)  100%        4
 Animate Armour           Summ/Erth      0%         N/A       100%        4
 Flame Wave               Conj/Fire      0%         2d4       100%        4
 Fulminant Prism          Conj/Hex       0%         3d5       100%        4
 Sticky Flame             Conj/Fire      0%         2d3       100%        4
 Summon Lightning Spire   Summ/Air       0%         N/A       100%        4
 Conjure Ball Lightning   Conj/Air       0%         3x3d6     100%        6
 Death Channel            Necr           4%         N/A       100%        6
 Simulacrum               Ice/Necr       2%         N/A       100%        6
 Discord                  Hex            0%         N/A       100%        8
 Disjunction              Tloc           0%         N/A       100%        8
 Lehudib's Crystal Spear  Conj/Erth      0%         10d2      100%        8


Dungeon Overview and Level Annotations

Branches:
Dungeon (9/15)             Temple (1/1) D:5            Lair (5/5) D:8
 Spider (0/4) Lair:2          Orc (1/2) D:9          Bailey (visited)
  Swamp: Lair:2-3    Shoals: Lair:2-3     Slime: Lair:4-5

Altars:
Ashenzari
Cheibriados
Dithmenos
Gozag
Hepliaklqana
Kikubaaqudgha
Makhleb
Nemelex Xobeh
Okawaru
Ru
Sif Muna
Trog
Uskayaw
Vehumet
Wu Jian
Xom
Yredelemnul

Annotations:
D:5 Maggie
Lair:1 Nergalle
Lair:2 exclusion: oklob plant
Lair:3 Gastronok


Innate Abilities, Weirdness & Mutations

You are immune to poison.
You have sharp fingernails.
Your flesh is cold resistant. (rC+)
You are immune to negative energy. (rN+++)
You do not regenerate when monsters are visible.
You are immune to unholy pain and torment.
You thrive by killing the living.


Message History

You block the five-headed hydra's attack.
Okay, then.
Okay, then.
Okay, then.
Okay, then.
Okay, then.
What are your orders? t - Shout!
Orders for allies: a - Attack new target. r - Retreat! s - Stop attacking. g - Guard the area. f - Follow me.
Anything else - Cancel.
Okay, then.
Throw: 2 throwing nets
Press: ? - help, Q - select action, (/) - cycle Shift-Dir - straight line, f - five-headed hydra
Aim: a five-headed hydra (heavily wounded, 82% to hit, immune to nets)
You throw a throwing net.
The throwing net hits the five-headed hydra.
The five-headed hydra is too large for the net to hold!
The five-headed hydra is heavily wounded.
The five-headed hydra bites you!
* * * LOW HITPOINT WARNING * * *
The five-headed hydra barely misses you.
The five-headed hydra bites you.
* * * LOW HITPOINT WARNING * * *
The five-headed hydra bites you but does no damage.
You block the five-headed hydra's attack.
Throw: throwing net
Press: ? - help, Q - select action, (/) - cycle Shift-Dir - straight line, f/p - five-headed hydra
Aim: a five-headed hydra (moderately wounded, 82% to hit, immune to nets)
You throw a throwing net.
The throwing net hits the five-headed hydra.
The five-headed hydra is too large for the net to hold!
The five-headed hydra is moderately wounded.
You block the five-headed hydra's attack.
The five-headed hydra bites you.
* * * LOW HITPOINT WARNING * * *
The five-headed hydra bites you!
You die...
Kikubaaqudgha rasps: "You have failed me!
Welcome... oblivion!"

....P....###.#.... #........#...#
..<......#.#......##.......†.....
P..........D.D...##......D..P...#
###..#...........#P...#.....#....
##....### #......###.#.###..P
#.#..## #.....#####....††♣.
#...#.### ##.#.###.###..#....
##......# #PD..#P..##...##...
###.P..#####@...........P#...
##...P........##.####.##..P
#..<........##### ####...
##.........## #..♣ ###...#.##.#
..♣. ##.......# #......##
##.....# ~..P.P~#


You could see a five-headed hydra.

Vanquished Creatures
  2 hydras
  A catoblepas (Lair:2)
  A two-headed ogre (D:9)
  A skyshark (Lair:4)
  Pikel (D:7)
  13 elephants
  4 black mambas
  Joseph (D:8)
  7 cane toads
  2 komodo dragons
  A kobold demonologist (D:9)
  2 rime drakes
  A troll (D:9)
  Grinder (D:6)
  A dream sheep (Lair:3)
  12 blink frogs
  A spriggan (D:9)
  3 wyverns
  20 yaks
  Eustachio (D:6)
  5 basilisks
  3 steam dragons
  Menkaure (D:7)
  2 wargs (D:8)
  8 water moccasins
  6 orc warriors
  4 sky beasts
  3 black bears
  5 ogres
  8 wolves
  A centaur (D:5)
  3 lemures (D:7)
  A phantom (D:7)
  6 kobold brigands (D:9)
  17 bullfrogs
  3 scorpions
  6 wights
  10 killer bees
  2 howler monkeys (D:9)
  An electric eel (Lair:3)
  4 hounds
  5 orc priests (D:8)
  2 sleepcaps
  5 iguanas
  Ijyb (D:3)
  6 orc wizards
  4 gnolls (D:5)
  7 adders
  A white imp (D:6)
  2 ufetubi
  2 dart slugs (D:4)
  32 orcs
  6 ball pythons
  5 bats
  7 endoplasms
  2 giant cockroaches
  11 goblins
  3 hobgoblins
  3 jackals (D:4)
  4 quokkas
  5 frilled lizards
  16 kobolds
  2 rats
306 creatures vanquished.

Vanquished Creatures (others)
  A wizard (D:6)
  A wyvern (Lair:1)
2 creatures vanquished.

Grand Total: 308 creatures vanquished

Notes
Turn   | Place    | Note
-------+----------+-------------------------------------------
     0 | D:1      | coffeetime the Ghoul Monk began the quest for the Orb.
     0 | D:1      | Reached XP level 1. HP: 19/19 MP: 0/0
    59 | D:1      | Reached XP level 2. HP: 21/27 MP: 1/1
   129 | D:1      | Learned a level 1 spell: Summon Small Mammal
   625 | D:2      | Reached XP level 3. HP: 27/34 MP: 2/2
   669 | D:2      | Identified the +3 spear "Nesour" {heavy, Fly Int+3 SInv}
   954 | D:2      | Reached skill level 5 in Fighting
   954 | D:2      | Reached XP level 4. HP: 40/42 MP: 3/3
  1051 | D:2      | Found a faded altar of an unknown god.
  1837 | D:3      | Found a snail-covered altar of Cheibriados.
  1868 | D:3      | Noticed Ijyb
  1892 | D:3      | Killed Ijyb
  2160 | D:4      | Reached XP level 5. HP: 50/50 MP: 4/4
  2284 | D:4      | Found an ornate altar of the Wu Jian Council.
  2932 | D:5      | Entered Level 5 of the Dungeon
  2932 | D:5      | Noticed a black bear
  2974 | D:5      | Noticed a steam dragon
  2983 | D:5      | Killed a steam dragon
  2984 | D:5      | Reached XP level 6. HP: 19/61 MP: 1/5
  3118 | D:5      | Killed a black bear
  3143 | D:5      | Reached XP level 7. HP: 35/69 MP: 3/6
  3266 | D:5      | Found a staircase to the Ecumenical Temple.
  3287 | Temple   | Entered the Ecumenical Temple
  3359 | Temple   | Became a worshipper of Kikubaaqudgha
  3359 | Temple   | Reached * piety under Kikubaaqudgha
  3359 | Temple   | Received a gift from Kikubaaqudgha
  3359 | Temple   | Reached ** piety under Kikubaaqudgha
  3693 | D:5      | Reached skill level 1 in Armour
  3882 | D:6      | Noticed Grinder
  3921 | D:6      | Noticed Maggie
  4136 | D:6      | Reached XP level 8. HP: 46/78 MP: 4/7
  4372 | D:6      | Learned a level 2 spell: Cigotuvi's Dreadful Rot
  4549 | D:6      | Found a hazy altar of Hepliaklqana.
  4564 | D:6      | Found a bloodstained altar of Trog.
  4567 | D:6      | Noticed a wizard
  4568 | D:6      | Noticed Eustachio
  4574 | D:6      | Killed a wizard
  4627 | D:6      | Killed Eustachio
  4628 | D:6      | Reached skill level 10 in Fighting
  4745 | D:6      | Killed Grinder
  4989 | D:7      | Reached XP level 9. HP: 86/86 MP: 8/8
  5042 | D:7      | Noticed Menkaure
  5047 | D:7      | Reached skill level 5 in Armour
  5051 | D:7      | Killed Menkaure
  5243 | D:7      | Reached skill level 1 in Necromancy
  5860 | D:7      | Noticed Pikel
  5897 | D:7      | Killed Pikel
  6498 | D:8      | Reached skill level 1 in Shields
  6661 | D:8      | Reached XP level 10. HP: 87/95 MP: 6/9
  7021 | D:8      | Identified the +4 dagger of Law {venom, Str+2 Int+3 SInv
                  | Stlth+}
  7073 | D:8      | Noticed Joseph
  7097 | D:8      | Killed Joseph
  7382 | D:8      | Found a sparkling altar of Nemelex Xobeh.
  7382 | D:8      | Found a sacrificial altar of Ru.
  7398 | D:8      | Reached *** piety under Kikubaaqudgha
  7398 | D:8      | Received a gift from Kikubaaqudgha
  7450 | D:8      | Found a shadowy altar of Dithmenos.
  7655 | D:8      | Found a staircase to the Lair.
  7917 | D:9      | Noticed a kobold demonologist
  7923 | D:9      | Killed a kobold demonologist
  7924 | D:9      | Reached skill level 5 in Shields
  7953 | D:9      | Noticed a two-headed ogre
  7970 | D:9      | Reached **** piety under Kikubaaqudgha
  7990 | D:9      | HP: 2/95 [goblin/+0 spear (3)]
  7995 | D:9      | Identified the amulet "Zoenaloq" {RegenMP rF+ Str+2}
  8004 | D:9      | Killed a two-headed ogre
  8054 | D:9      | Found a flagged portal.
  8068 | Bailey   | Entered a bailey
  8521 | Bailey   | Reached XP level 11. HP: 100/102 MP: 10/10
  8545 | Bailey   | Noticed an orc knight
  8785 | D:9      | Found a broken altar of Ashenzari.
  9094 | D:9      | Reached skill level 1 in Polearms
  9235 | D:9      | Found a staircase to the Orcish Mines.
  9275 | D:9      | Found an opulent altar of Gozag.
  9556 | Orc:1    | Entered Level 1 of the Orcish Mines
 10205 | Orc:1    | Noticed an orc knight
 10331 | Lair:1   | Entered Level 1 of the Lair of Beasts
 10333 | Lair:1   | Noticed Nergalle
 10603 | Lair:2   | Reached skill level 5 in Polearms
 10675 | Lair:2   | Noticed a catoblepas
 10683 | Lair:2   | Killed a catoblepas
 11230 | Lair:2   | Learned a level 1 spell: Necrotise
 11446 | Lair:2   | Found a hole to the Spider Nest.
 11472 | Lair:2   | Reached XP level 12. HP: 109/110 MP: 11/11
 12635 | Lair:3   | Reached skill level 10 in Polearms
 12637 | Lair:3   | Noticed an eight-headed hydra
 12671 | Lair:3   | Killed an eight-headed hydra
 12773 | Lair:3   | Noticed Gastronok
 12895 | Lair:3   | Reached skill level 5 in Necromancy
 13263 | Lair:3   | Reached ***** piety under Kikubaaqudgha
 13271 | Lair:3   | Identified the ring "Weraid" {rPois Dex+5}
 13878 | Lair:4   | Noticed a four-headed hydra
 13902 | Lair:4   | Killed a four-headed hydra
 14104 | Lair:4   | Reached XP level 13. HP: 90/116 MP: 12/12
 14946 | Lair:5   | Entered Level 5 of the Lair of Beasts
 15372 | Lair:5   | Slain by a five-headed hydra

Illustrated notes

Levels and vault maps discovered:
D:1:      wander_arrival_chamber, layout_rooms
D:2:      layout_rooms, basic_ecumenical_altar, minmay_vboxes
D:3:      layout_basic, chei_slow_surprise, serial_rivers,
          chequers_serial_rivers_marsh, chequers_serial_rivers_micro_a,
          chequers_serial_rivers_micro_e, chequers_serial_rivers_room_a,
          chequers_serial_rivers_micro_d, uniq_ijyb
D:4:      layout_loops_ring, nicolae_wu_jian_wuxing_cycle
D:5:      layout_rooms, tso_metal_star, minmay_temple_entry_wispy,
          dreamdust_gnoll_farm
D:6:      layout_basic, trog_wizard, kennysheep_mini_moat, chequers_arboretum,
          uniq_eustachio, uniq_grinder, uniq_maggie
D:7:      lemuel_ice_spiral_2, layout_basic,
          hangedman_abyss_or_decor_jellyfish_corner, kennysheep_windowed_goal,
          uniq_menkaure, uniq_pikel
D:8:      layout_loops_ring, gammafunk_temple_overflow_claw,
          erik_lair_orcish_takeover, uniq_joseph
D:9:      layout_roguey, ashenzari_conservatory_becter,
          mainiacjoe_overflow_tiny_flanked, orc_0_dummy, enter_bailey_3,
          serial_curves, eino_curves_04, eino_curves_01, the_hattery
Temple:   jpeg_temple_alley_garden
Lair:1:   layout_regular_city, grunt_megastairs_4, lemuel_fruit_fields,
          uniq_nergalle, uniq_sonja
Lair:2:   layout_long_grid, dummy_spider_entry, grunt_megastairs_3,
          lemuel_fruit_tree, serial_bayou_shore_b
Lair:3:   layout_loops_ring, minmay_swamp_entry_worms, beast_lair_carwin_4,
          serial_bayou_shore_a, wad_woods_river_01, uniq_gastronok
Lair:4:   layout_cave_pods
Lair:5:   due_jungle_book, layout_loops_ring, slime_entry_2,
          gammafunk_ghost_abyssal_escape, grunt_forest_large_clearings,
          infiniplex_staircase_pool_2, serial_bayou_shore_b, uniq_kirke
Orc:1:    minmay_goldmine, layout_diamond_mine, lemuel_statue_altar

Skill      XL: |  1  2  3  4  5  6  7  8  9 10 11 12 13 |
---------------+----------------------------------------+-----
Fighting       | 4 5 7 8 9 10 11 | 11.0
Armour         | 2 4 8 9 |  9.1
Necromancy     | 3 8 |  8.2
Shields        | 1 7 8 |  8.8
Polearms       | 8 10 11 | 11.2
Maces & Flails | |  2.7
Throwing       | |  0.1
Dodging        | |  2.7
Stealth        | |  0.5
Evocations     | |  0.7

Action                     |  1- 3 |  4- 6 |  7- 9 | 10-12 | 13-15 || total
---------------------------+-------+-------+-------+-------+-------++-------
  Melee: Mace              |    67 |       |       |       |       ||    67
         Spear             |    23 |   113 |   266 |   316 |       ||   718
         Trident           |       |       |       |   341 |   132 ||   473
         Short sword       |       |       |       |    12 |     8 ||    20
  Throw: Dart              |       |       |     2 |    52 |       ||    54
         Throwing net      |       |       |       |       |     2 ||     2
 Invoke: Unearth Wretches  |       |       |       |     1 |       ||     1
         Torment           |       |       |       |     1 |       ||     1
  Evoke: Wand              |       |       |     4 |     8 |     1 ||    13
    Use: Scroll            |       |     4 |     3 |    14 |     2 ||    23
         Potion            |       |     4 |     1 |     6 |       ||    11
   Stab: Sleeping          |       |     2 |       |       |       ||     2
         Paralysed         |       |       |       |     1 |       ||     1
 Armour: Robe              |     5 |       |       |       |       ||     5
         Leather armour    |    25 |     1 |       |       |       ||    26
         Scale mail        |       |    47 |   131 |    35 |       ||   213
         Ring mail         |       |       |       |   272 |    49 ||   321
  Dodge: Dodged            |    73 |    64 |   153 |   267 |    51 ||   608
         Repelled          |       |       |       |     1 |       ||     1
  Block: Kite shield       |       |       |   124 |   521 |   123 ||   768
